 Dungeon Crawl Stone Soup version 0.29-a0-320-g9f8742066b (webtiles) character file.

Game seed: 13926242932047805672

11099 Rohain the Destroyer (level 11, 0/74 HPs)
             Began as a Purple Draconian Conjurer on Apr 2, 2022.
             Was a Priest of Vehumet.
             Slain by a yak (9 damage)
             ... in an ice cave.
             The game lasted 00:25:50 (14942 turns).

Rohain the Destroyer (Purple Draconian Conjurer)   Turns: 14942, Time: 00:25:50

Health: 0/74       AC: 11    Str: 14    XL:     11   Next: 44%
Magic:  24/35      EV: 12    Int: 22    God:    Vehumet [***...]
Gold:   545        SH:  5    Dex: 20    Spells: 16/32 levels left

rFire   + . .      SeeInvis .   K - +9 flail of Koidog {vorpal, rCorr MP+9 Str+3}
rCold   . . .      Faith    .   (no shield)
rNeg    . . .      Spirit   .   (body armour unavailable)
rPois   .          Reflect  +   (helmet restricted)
rElec   .          Harm     .   k - +0 cloak of Somewhere Else {Contam Dex+5}
rCorr   +          Rampage  .   o - +0 pair of gloves
Will    +....                   b - +1 pair of boots
Stlth   ++........              F - amulet of reflection
HPRegen 0.22/turn               f - +6 ring of dexterity
MPRegen 0.24/turn               C - ring of protection from fire

@: brilliant, invisible
A: breathe power, AC +7, unfitting armour, cold-blooded
a: Breathe Dispelling Energy, Renounce Religion


You were in an ice cave.
You worshipped Vehumet.
Vehumet was most pleased with you.
You visited 1 branch of the dungeon, and saw 11 of its levels.
You also visited: Ice Cave.

You collected 545 gold pieces.

Inventory:

Hand Weapons
 h - a +0 spear
 D - a +7 falchion of freezing
 K - the +9 flail of Koidog (weapon) {vorpal, rCorr MP+9 Str+3}
   (You took it off a kobold brigand on level 7 of the Dungeon)

   It inflicts extra damage upon your enemies.
   Str:       It affects your strength (+3).
   MP:        It affects your magic capacity (+9).
   rCorr:     It protects you from acid and corrosion.
Missiles
 x - 45 poisoned darts
Armour
 b - a +1 pair of boots (worn)
 k - the +0 cloak of Somewhere Else (worn) {Contam Dex+5}
   (You acquired it on level 4 of the Dungeon)

   Dex:       It affects your dexterity (+5).
   Contam:    It causes magical contamination when unequipped.
 o - a +0 pair of gloves (worn)
Magical Staves
 q - a staff of air
 w - a staff of earth
Jewellery
 f - a +6 ring of dexterity (left hand)
 C - a ring of protection from fire (right hand)
 E - a ring of fire
 F - an amulet of reflection (around neck)
Wands
 l - a wand of acid (4)
 y - a wand of flame (19)
 A - a wand of iceblast (7)
 G - a wand of paralysis (4)
 I - a wand of mindburst (14)
 M - a wand of digging (5)
Scrolls
 c - 3 scrolls of fog
 j - 3 scrolls of teleportation
 u - 4 scrolls of magic mapping
 B - a scroll of noise
 H - a scroll of amnesia
 J - a scroll of brand weapon
Potions
 a - a potion of magic
 d - 2 potions of berserk rage
 e - 3 potions of mutation
 g - 3 potions of lignification
 i - 2 potions of invisibility
 n - 2 potions of might
 p - 2 potions of flight
 r - a potion of brilliance
 s - a potion of resistance {unknown}
 v - 2 potions of degeneration
 z - a potion of ambrosia
 N - a potion of attraction


   Skills:
 - Level 2.2 Staves
 - Level 1.7 Dodging
 - Level 1.7 Stealth
 + Level 11.1 Spellcasting
 + Level 11.4 Conjurations
 - Level 5.0 Fire Magic
 + Level 10.4 Evocations


You had 16 spell levels left.
You knew the following spells:

 Your Spells              Type           Power      Damage    Failure   Level
a - Magic Dart            Conj           100%       1d8       1%          1
b - Searing Ray           Conj           100%       2d8       1%          2
c - Foxfire               Conj/Fire      100%       2x1d9     1%          1
d - Iskenderun's Battles  Conj           76%        2d12      1%          5
e - Sticky Flame          Conj/Fire      64%        2d8       1%          4
f - Inner Flame           Hex/Fire       34%        N/A       1%          3

Your spell library contained the following spells:

 Spells                   Type           Power      Damage    Failure   Level
 Static Discharge         Conj/Air       54%        N/A       1%          2
 Dazzling Flash           Conj/Hex       100%       N/A       1%          3
 Fulminant Prism          Conj/Hex       27%        3d14      1%          4
 Iskenderun's Mystic Bla  Conj/Tloc      54%        2d12      1%          4
 Pain                     Necr           72%        1d7       5%          1
 Ensorcelled Hibernation  Hex/Ice        36%        N/A       9%          2
 Passwall                 Tmut/Erth      15%        N/A       9%          2
 Wereblood                Tmut           18%        N/A       9%          2
 Freezing Cloud           Conj/Ice/Air   21%        6-21      9%          5
 Orb of Destruction       Conj           38%        9d11      11%         7
 Confusing Touch          Hex            18%        N/A       16%         3
 Gell's Gravitas          Tloc           18%        N/A       16%         3
 Lesser Beckoning         Tloc           18%        N/A       16%         3
 Swiftness                Air            18%        N/A       16%         3
 Teleport Other           Tloc           18%        N/A       16%         3
 Yara's Violent Unravell  Hex/Tmut       9%         3d6       36%         5
 Dispel Undead            Necr           18%        3d11      47%         4
 Petrify                  Tmut/Erth      18%        N/A       47%         4
 Simulacrum               Ice/Necr       9%         N/A       100%        6
 Dragon Form              Tmut           9%         N/A       100%        7
 Enfeeble                 Hex            9%         N/A       100%        7
 Polar Vortex             Ice            9%         N/A       100%        9


Dungeon Overview and Level Annotations

Branches:
Dungeon (11/15)            Temple (0/1) D:6            Lair (0/6) D:10
    Orc (0/2) D:11          IceCv (1/1)

Altars:
Elyvilon
Gozag
Kikubaaqudgha
Nemelex Xobeh
Ru
Sif Muna
Trog
Vehumet
Wu Jian
Xom

Shops:
D:6 :

Annotations:
D:4 3 runed translucent doors, GigaChad's ghost, amateur PaAK
D:10 exclusions: obsidian statue and orange crystal statue


Innate Abilities, Weirdness & Mutations

You can breathe bolts of dispelling energy.
Your rich purple scales are hard. (AC +7)
You cannot fit into any form of body armour.
You are cold-blooded and may be slowed by cold attacks.


Message History

Confirm with . or Enter, or press ? or * to list all spells.
Aiming: Searing Ray (safe; 1% risk of failure)
Press: ? - help, Shift-Dir - straight line The searing ray hits the yak!
The yak is severely wounded.
The searing ray hits the death yak but does no damage. (Press . to maintain the ray.)
Your battlesphere fires!
The barrage of energy hits the yak.
The yak is severely wounded.
The yak gores you but does no damage. You block the yak's attack.
The searing ray hits the yak!
You kill the yak!
Vehumet accepts your kill.
You feel your power returning.
The searing ray hits the death yak!
The death yak is lightly wounded.
The searing ray hits the yak.
The yak is severely wounded.
Your battlesphere fires!
The barrage of energy hits the yak!
The yak is lightly wounded.
The yak gores you!
The searing ray misses the death yak.
The searing ray hits the yak.
The yak is severely wounded.
Your battlesphere fires!
The barrage of energy hits the yak!
The yak is heavily wounded.
You block the yak's attack. The death yak gores you!
* * * LOW HITPOINT WARNING * * *
You feel clever all of a sudden. The yak gores you but does no damage.
The death yak gores you.
* * * LOW HITPOINT WARNING * * *
Okay, then.
You feel better. The yak closely misses you.
The yak snorts and paws the ground.
You block the death yak's attack.
Okay, then.
You fade into invisibility!
The yak closely misses you. The yak gores you!
You die...

#..# #...## #...##
#....## #### #.....
#### ##..##
##....####..#####.*..##
###....##..†.##Y......#
.##.......#....Y@.∩.∩.#
Y##...Y..###...YY.....#
...#...### ##..##....##
......## ######..##
.......# #### ......##
.....## ....## #..##


You could see 2 death yaks, 2 yaks and a friendly battlesphere.

Vanquished Creatures
  3 death yaks (IceCv)
  An ice statue (IceCv)
  An unseen horror (D:11)
  4 rime drakes (IceCv)
  2 trolls
  3 polar bears (IceCv)
  4 hornets
  Prince Ribbit (D:7)
  3 wyverns
  9 yaks
  A steam dragon (D:6)
  2 vampire mosquitoes (D:10)
  A black bear (D:6)
  2 ice beasts
  4 orc warriors
  A sky beast (D:7)
  4 wolves (IceCv)
  2 centaurs (D:9)
  2 phantoms
  5 kobold brigands
  4 bullfrogs
  2 scorpions (D:6)
  A gnoll sergeant (D:7)
  3 necrophages (D:6)
  3 wights (D:6)
  6 killer bees
  3 hounds
  A jelly (D:6)
  3 orc priests
  11 orc wizards
  3 iguanas
  18 gnolls
  9 adders
  2 shadow imps
  A worm (D:3)
  5 dart slugs
  19 orcs
  9 bats
  3 endoplasms
  A giant cockroach (D:4)
  10 goblins
  3 hobgoblins
  22 kobolds
  8 quokkas
  7 ball pythons
  3 frilled lizards
  6 rats
221 creatures vanquished.

Vanquished Creatures (others)
  39 foxfires
39 creatures vanquished.

Grand Total: 260 creatures vanquished

Notes
Turn   | Place    | Note
-------+----------+-------------------------------------------
     0 | D:1      | Rohain the Draconian Conjurer began the quest for the Orb.
     0 | D:1      | Reached XP level 1. HP: 14/14 MP: 3/3
   281 | D:1      | Got the Reference Book on Conjuration
   378 | D:1      | Reached XP level 2. HP: 20/20 MP: 0/5
   810 | D:1      | Learned a level 2 spell: Searing Ray
   857 | D:1      | Found a faded altar of an unknown god.
  1581 | D:2      | Reached XP level 3. HP: 26/26 MP: 1/6
  1854 | D:2      | Reached skill level 5 in Conjurations
  2056 | D:2      | Reached XP level 4. HP: 33/33 MP: 0/8
  2160 | D:2      | Found a sparkling altar of Nemelex Xobeh.
  3038 | D:3      | Reached XP level 5. HP: 38/38 MP: 5/9
  3116 | D:3      | Found an ancient bone altar of Kikubaaqudgha.
  3478 | D:3      | Found a shimmering blue altar of Sif Muna.
  3479 | D:3      | Found a radiant altar of Vehumet.
  3482 | D:3      | Got Kikubaaqudgha's Papyrus of Black Rites
  3606 | D:3      | Became a worshipper of Vehumet
  3849 | D:4      | Found a runed translucent gate.
  3852 | D:4      | Found a runed translucent gate.
  3852 | D:4      | Found a runed translucent gate.
  3853 | D:4      | Found an opulent altar of Gozag.
  3854 | D:4      | Noticed GigaChad's ghost (amateur PaAK)
  4558 | D:4      | Identified a scroll of acquirement
  4558 | D:4      | Acquired the +0 cloak of Somewhere Else {Contam Dex+5}
  4939 | D:5      | Entered Level 5 of the Dungeon
  5031 | D:5      | Reached skill level 1 in Staves
  5086 | D:5      | Reached skill level 1 in Evocations
  5152 | D:5      | Reached XP level 6. HP: 45/45 MP: 6/11
  5770 | D:5      | Noticed an ice beast
  5774 | D:5      | Learned a level 1 spell: Foxfire
  5790 | D:5      | Killed an ice beast
  6373 | D:6      | Your scales start taking on a rich purple colour.
  6373 | D:6      | Reached XP level 7. HP: 32/50 MP: 1/14
  6691 | D:6      | Reached skill level 5 in Spellcasting
  6734 | D:6      | Noticed a hornet
  6958 | D:6      | Killed a hornet
  7181 | D:6      | Reached XP level 8. HP: 52/57 MP: 9/16
  7630 | D:6      | Reached * piety under Vehumet
  7630 | D:6      | Offered knowledge of Freeze by Vehumet.
  7636 | D:6      | Reached skill level 5 in Evocations
  8184 | D:6      | Found a staircase to the Ecumenical Temple.
  8276 | D:6      | Learned a level 5 spell: Iskenderun's Battlesphere
  8372 | D:6      | Found Qiusaj's Book Emporium.
  8649 | D:7      | Reached XP level 9. HP: 62/62 MP: 5/20
  8773 | D:7      | Found a sacrificial altar of Ru.
  8774 | D:7      | Found a shimmering altar of Xom.
  8774 | D:7      | Found a white marble altar of Elyvilon.
  8775 | D:7      | Found an ornate altar of the Wu Jian Council.
  8949 | D:7      | Noticed Prince Ribbit
  8954 | D:7      | Killed Prince Ribbit
  9422 | D:7      | Paralysed by a hornet for 1 turns
  9701 | D:7      | Identified the +9 flail of Koidog {vorpal, rCorr MP+9
                  | Str+3}
 10834 | D:8      | Learned a level 4 spell: Sticky Flame
 10846 | D:8      | Found a bloodstained altar of Trog.
 10857 | D:8      | Offered knowledge of Sandblast by Vehumet.
 10977 | D:8      | Reached skill level 1 in Fire Magic
 10986 | D:8      | Reached ** piety under Vehumet
 11482 | D:8      | Found a sparkling altar of Nemelex Xobeh.
 11638 | D:9      | Noticed a troll
 11646 | D:9      | Killed a troll
 11647 | D:9      | Reached XP level 10. HP: 66/69 MP: 17/23
 12000 | D:9      | Reached skill level 10 in Conjurations
 12533 | D:9      | Offered knowledge of Inner Flame by Vehumet.
 12866 | D:10     | Entered Level 10 of the Dungeon
 13270 | D:10     | Found a staircase to the Lair.
 13309 | D:10     | Got the Compendium of Changing
 13466 | D:10     | Noticed an orange crystal statue
 13496 | D:10     | Noticed an obsidian statue
 13606 | D:10     | Paralysed by a hornet for 1 turns
 13982 | D:11     | Found a frozen archway.
 13991 | IceCv    | Entered an ice cave
 13998 | IceCv    | Reached skill level 10 in Spellcasting
 14184 | IceCv    | Reached XP level 11. HP: 45/74 MP: 13/25
 14193 | IceCv    | Reached *** piety under Vehumet
 14435 | IceCv    | Learned a level 3 spell: Inner Flame
 14482 | IceCv    | Reached skill level 5 in Fire Magic
 14601 | IceCv    | Noticed a death yak
 14617 | IceCv    | Killed a death yak
 14645 | IceCv    | Reached skill level 10 in Evocations
 14863 | IceCv    | Noticed a death yak
 14871 | IceCv    | Noticed a death yak
 14873 | IceCv    | Noticed a death yak
 14881 | IceCv    | Killed a death yak
 14881 | IceCv    | Noticed a death yak
 14926 | IceCv    | Killed a death yak
 14940 | IceCv    | HP: 3/74 [death yak (6)]
 14942 | IceCv    | Slain by a yak

Illustrated notes

Levels and vault maps discovered:
D:1:      amcnicky_arrival_double_pillar, layout_loops_corners,
          shapermc_ecumenical_altar_mp_highgroup
D:2:      layout_basic, basic_altar, kennysheep_donut
D:3:      layout_rooms, grunt_temple_overflow_magic_moments, roderic_lattice_a,
          amcnicky_mini_rare_corridor_liquid, minmay_circle_x
D:4:      layout_layer_cave, ebering_ghost_gozag
D:5:      layout_basic, minmay_misc_feat_secret_circle
D:6:      hellmonk_crumbling_castle, layout_basic,
          minmay_temple_entry_proselytizer, serial_shops, kennysheep_little_box,
          serial_corexii_hall, chequers_hall_statues_corner_a,
          corexii_hall_statues_u
D:7:      layout_loops_ring, chequers_temple_overflow_statue_of_worship,
          uniq_prince_ribbit1
D:8:      layout_loops_corners, nemelex_spade_bored_becter, lemuel_crystal_altar
D:9:      layout_rooms, kennysheep_generic_room_15
D:10:     minmay_separated_statues, layout_loops_ring, dpeg_oklobed_lair
D:11:     layout_irregular_city, orc_0_dummy, portal_ice_cave_entry_pillars_2
IceCv:    ice_cave_small_giant

Skill      XL: |  1  2  3  4  5  6  7  8  9 10 11 |
---------------+----------------------------------+-----
Conjurations   | 5 6 7 8 9 10 11 | 11.4
Spellcasting   | 3 4 5 7 9 10 11 | 11.1
Staves         | 1 2 |  2.2
Evocations     | 1 2 4 6 8 9 10 | 10.4
Fire Magic     | 1 4 5 |  5.0
Dodging        | |  1.7
Stealth        | |  1.7

Action                   |  1- 3 |  4- 6 |  7- 9 | 10-12 || total
-------------------------+-------+-------+-------+-------++-------
Melee: Unarmed           |    30 |       |       |       ||    30
       Tailslap          |     5 |     1 |       |     2 ||     8
       Spear             |       |     3 |       |       ||     3
       Flail             |       |       |     2 |     6 ||     8
Throw: Dart              |       |       |     2 |       ||     2
 Cast: Magic Dart        |    59 |   107 |   181 |   143 ||   490
       Searing Ray       |     2 |     7 |    18 |    15 ||    42
       Foxfire           |       |     9 |     2 |    11 ||    22
       Iskenderun's Batt |       |       |    17 |    23 ||    40
       Sticky Flame      |       |       |     1 |    12 ||    13
       Inner Flame       |       |       |       |     1 ||     1
 Abil: Breathe Dispellin |       |       |       |     6 ||     6
Evoke: Wand              |       |       |       |     2 ||     2
  Use: Scroll            |     3 |    12 |     7 |     7 ||    29
       Potion            |       |       |     2 |     4 ||     6
Armor: Skin              |     9 |     9 |    25 |    40 ||    83
Dodge: Dodged            |    22 |    16 |    50 |    54 ||   142
Block: Other             |       |       |     6 |    21 ||    27
       Reflection        |       |       |       |     2 ||     2

Table legend: (Time is in decaauts)
 A = Elapsed time spent in this place.
 B = Non-inter-level travel time spent in this place.
 C = Inter-level travel time spent in this place.
 D = Time resting spent in this place.
 E = Time spent auto-exploring this place.
 F = Levels seen in this place.
 G = Mean time per level.
                   A        B        C        D        E       F      G
               +--------+--------+--------+--------+--------+-----+--------+
         Total |  14956 |  14552 |    404 |   3781 |   9068 |  12 | 1246.3 |
       Dungeon |  14003 |  13599 |    404 |   3082 |   8998 |  11 | 1273.0 |
      Ice Cave |    953 |    953 |      0 |    699 |     70 |   1 |  953.0 |
               +--------+--------+--------+--------+--------+-----+--------+

Top non-repeatable levels by time:
     D:7: 2042 daAuts
     D:6: 2033 daAuts
     D:5: 1596 daAuts
     D:1: 1581 daAuts
     D:4: 1331 daAuts
     D:3: 1187 daAuts
     D:8: 1141 daAuts
     D:9: 1105 daAuts
    D:10: 1066 daAuts
   IceCv: 953 daAuts
     D:2: 858 daAuts
    D:11: 59 daAuts
